 Dungeon Crawl Stone Soup version 0.31-a0-472-g43a2ca8e1b (webtiles) character file.

Game seed: 1033080049444613067

7611 Ethylacetat the Mimic (level 11, -21/78 HPs)
             Began as an Octopode Shapeshifter on Aug 6, 2023.
             Was an Initiate of Gozag.
             Killed from afar by Erica (23 damage)
             ... with a bolt of poison
             ... on level 9 of the Dungeon.
             The game lasted 00:19:32 (8808 turns).

Ethylacetat the Mimic (Octopode Shapeshifter)       Turns: 8808, Time: 00:19:37

Health: -21/78     AC:  5    Str: 14    XL:     11   Next: 18%
Magic:  11/11      EV: 18    Int: 11    God:    Gozag
Gold:   1127       SH:  0    Dex: 17    Spells: 8/10 levels left

rFire   . . .        x - +9 rapier of Iroedd {venom, rC+}
rCold   + . .        (no shield)
rNeg    + . .        (helmet currently unavailable)
rPois   .            (no amulet)
rElec   .            c - +4 ring of protection
rCorr   .            j - +5 ring of evasion
SInv    .            t - ring of willpower
Will    ++...        n - ring of positive energy
Stlth   +++          B - ring of willpower
HPRegen 0.33/turn    (no ring)
MPRegen 0.12/turn    (no ring)
                     (no ring)

%: no passive effects
@: lethally poisoned (-21 -> -33), beast-form
A: beast (slay +7), almost no armour, amphibious, 8 rings, camouflage 1,
gelatinous body 1, (nimble swimmer 1), tentacles
a: Begin Untransformation, Renounce Religion, Potion Petition, Call Merchant,
Bribe Branch


You were on level 9 of the Dungeon.
You worshipped Gozag.
Gozag was most pleased with you.
You were a hulking beast.
You visited 2 branches of the dungeon, and saw 10 of its levels.
You also visited: Sewer.

You collected 1208 gold pieces.
You paid 81 gold pieces to Gozag.

Inventory:

Hand Weapons
 x - the +9 rapier of Iroedd (weapon) {venom, rC+}
   (You found it on level 7 of the Dungeon)

   rC:        It protects you from cold.
Missiles
 l - 4 throwing nets
Jewellery
 c - a +4 ring of protection (left tentacle)
 j - a +5 ring of evasion (right tentacle)
 n - a ring of positive energy (on tentacle)
 t - a ring of willpower (on tentacle)
 B - a ring of willpower (on tentacle)
Talismans
 b - a beast talisman (active)
 h - a serpent talisman
Wands
 e - a wand of quicksilver (20)
 g - a wand of flame (21)
 o - a wand of paralysis (16)
 s - a wand of mindburst (9)
 F - a wand of digging (5)
Scrolls
 d - 4 scrolls of fog {unknown}
 f - 8 scrolls of identify
 i - a scroll of poison {unknown}
 m - a scroll of enchant weapon {unknown}
 p - 2 scrolls of enchant armour {unknown}
 q - 4 scrolls of teleportation {unknown}
 y - 2 scrolls of revelation {unknown}
 C - a scroll of fear {unknown}
 E - a scroll of amnesia {unknown}
 G - a scroll of noise {unknown}
Potions
 a - a potion of brilliance {unknown}
 k - 2 potions of resistance
 r - a potion of degeneration {unknown}
 v - a potion of mutation {unknown}
 w - 2 potions of magic
 z - a potion of berserk rage {unknown}
 D - a potion of enlightenment {unknown}


   Skills:
 + Level 8.5 Fighting
 - Level 2.0 Dodging
 + Level 9.0 Unarmed Combat
 * Level 10.6 Shapeshifting


You had 8 spell levels left.
You knew the following spells:

 Your Spells              Type           Power      Damage    Failure   Level
a - Blink                 Tloc           0%         N/A       47%         2

Your spell library contained the following spells:

 Spells                   Type           Power      Damage    Failure   Level
 Kiss of Death            Conj/Necr      0%         2d5       34%         1
 Cigotuvi's Dreadful Rot  Necr/Pois/Air  0%         N/A       47%         2
 Confusing Touch          Hex            0%         N/A       71%         3
 Ignite Poison            Fire/Tmut/Pois 0%         N/A       71%         3
 Dispel Undead            Necr           0%         3d6       98%         4
 Manifold Assault         Tloc           0%         N/A       98%         4
 Summon Ice Beast         Ice/Summ       0%         N/A       98%         4
 Freezing Cloud           Conj/Ice/Air   0%         6-21      100%        5
 Summon Mana Viper        Hex/Summ       0%         N/A       100%        5
 Monstrous Menagerie      Summ           0%         N/A       100%        7


Dungeon Overview and Level Annotations

Branches:
Dungeon (9/15)             Temple (1/1) D:5            Lair (0/5) D:9
  Sewer (visited)
    Orc: D:9-12

Altars:
Ashenzari
Cheibriados
Dithmenos
Elyvilon
Fedhas
Gozag
Hepliaklqana
Makhleb
Nemelex Xobeh
Okawaru
Qazlal
Ru
Sif Muna
Trog
Uskayaw
Vehumet
Wu Jian
Xom
Yredelemnul
Zin
The Shining One

Shops:
D:7 (

Annotations:
D:1 1 transporter
D:9 Erica


Innate Abilities, Weirdness & Mutations

You are a hulking beast.
Your limbs bulge with bestial killing power. (Slay +7)
You cannot wear most types of armour.
You are amphibious.
You can wear up to eight rings at the same time.
Your skin changes colour to match your surroundings (Stealth+).
Your rubbery body absorbs attacks. (AC +1, EV +1)
((You are camouflaged when in or above water. (Stealth+)))
You have tentacles for arms and can constrict up to eight enemies at once.


Message History

You feel sick.
You feel sick.
Press: ? - help, v - describe, . - travel
Here: Erica, wielding a +3 scimitar of flaming and wearing a +1 robe of fire resistance The floor.
Okay, then.
You feel better.
Erica mumbles some strange words.
Erica flickers and vanishes!
Deactivating autopickup; reactivate with Ctrl-A.
It was a potion of heal wounds.
You feel much better.
You swing at nothing.
You swing at nothing.
You puncture something! Your squeeze misses something. Something hits you!
Something burns you.
You puncture something! Something hits you. Something burns you.
Something hits you!
* * * LOW HITPOINT WARNING * * *
Something burns you.
* * * LOW HITPOINT WARNING * * *
You miss something. Something hits you!
* * * LOW HITPOINT WARNING * * *
Something burns you.
* * * LOW HITPOINT WARNING * * *
You feel much better. Something hits you!
* * * LOW HITPOINT WARNING * * *
Something burns you.
* * * LOW HITPOINT WARNING * * *
You hit something. Your squeeze misses something. Something hits you!
* * * LOW HITPOINT WARNING * * *
Something burns you.
* * * LOW HITPOINT WARNING * * *
Okay, then.
You puncture something! You squeeze something!
You hear some strange, mumbled words.
A bolt of poison appears from out of thin air!
The bolt of poison hits you!!
You are lethally poisoned!
You die...
Your body crumbles into a pile of gold.

##...####.#
#.####..
##.......#
#.......
#.#######
####.#.. #.#
#.#.. #.#
#######.#.# #.#
#.......... #.#
#.......#.. #.#
#..###..#.. #h#
#..# #..#..
####{####
#..###..##.
#.......#
#.......##.
#.##.##.#
#.......... #
#.##.#
###########
#....# ###..#
#.@#
#.........?....


There were no monsters in sight!

Vanquished Creatures
  Erolcha (D:9)
  Pikel (D:7)
  A cyclops (D:9)
  Maurice (D:9)
  Joseph (D:9)
  A hornet (D:9)
  A troll (D:9)
  Grinder (D:6)
  Sigmund (D:3)
  A wraith (D:9)
  Edmund (D:6)
  4 orc warriors
  4 black bears
  An ogre (D:5)
  2 wolves (D:9)
  A centaur (D:8)
  3 lemures (D:7)
  2 kobold brigands
  A gnoll sergeant (D:7)
  3 bullfrogs
  3 scorpions
  8 wights
  10 killer bees (D:9)
  7 howler monkeys
  2 electric eels (D:9)
  10 hounds
  3 jellies
  7 orc priests
  Jessica (D:3)
  A gnoll bouda (D:7)
  7 iguanas
  3 sleepcaps
  Ijyb (D:3)
  Terence (D:2)
  7 orc wizards
  13 gnolls
  10 river rats
  13 adders
  2 shadow imps
  2 ufetubi
  2 worms (D:2)
  4 dart slugs
  40 orcs
  4 ball pythons
  9 endoplasms
  A giant cockroach (D:4)
  4 goblins
  3 hobgoblins
  9 jackals
  2 quokkas
  2 bats
  5 frilled lizards
  27 kobolds
  31 rats
286 creatures vanquished.

Notes
Turn   | Place    | Note
-------+----------+-------------------------------------------
     0 | D:1      | Ethylacetat the Octopode Shapeshifter began the quest for
                  | the Orb.
     0 | D:1      | Reached XP level 1. HP: 13/13 MP: 1/1
   118 | D:1      | Reached XP level 2. HP: 17/18 MP: 2/2
   704 | D:2      | Reached XP level 3. HP: 23/23 MP: 3/3
   784 | D:2      | Found a faded altar of an unknown god.
   971 | D:2      | Noticed Terence
   982 | D:2      | Killed Terence
   983 | D:2      | Reached XP level 4. HP: 24/29 MP: 4/4
   986 | D:2      | Learned a level 2 spell: Blink
  1199 | D:3      | Noticed Jessica
  1205 | D:3      | Killed Jessica
  1305 | D:3      | Reached skill level 4 in Shapeshifting
  1438 | D:3      | Noticed Ijyb
  1441 | D:3      | Reached XP level 5. HP: 35/35 MP: 5/5
  1453 | D:3      | Killed Ijyb
  1456 | D:3      | Noticed Sigmund
  1500 | D:3      | Killed Sigmund
  1501 | D:3      | Reached XP level 6. HP: 31/42 MP: 6/6
  1785 | D:3      | Noticed a black bear
  1794 | D:3      | Killed a black bear
  1795 | D:3      | Reached skill level 5 in Shapeshifting
  1795 | D:3      | Reached XP level 7. HP: 39/46 MP: 7/7
  2271 | D:4      | Reached skill level 5 in Unarmed Combat
  2384 | D:4      | Found a bloodstained altar of Trog.
  2916 | D:5      | Entered Level 5 of the Dungeon
  2950 | D:5      | Reached XP level 8. HP: 45/54 MP: 8/8
  2955 | D:5      | Reached skill level 6 in Shapeshifting
  3139 | D:5      | Found a glowing drain.
  3168 | Sewer    | Entered a sewer
  3852 | D:5      | Reached skill level 5 in Fighting
  4189 | D:5      | Reached skill level 7 in Shapeshifting
  4199 | D:5      | Found a staircase to the Ecumenical Temple.
  4256 | Temple   | Entered the Ecumenical Temple
  4275 | Temple   | Became a worshipper of Gozag Ym Sagoz the Greedy
  4536 | D:6      | Reached XP level 9. HP: 16/60 MP: 9/9
  4800 | D:6      | Noticed Edmund
  4807 | D:6      | Killed Edmund
  5016 | D:6      | Noticed Grinder
  5025 | D:6      | Killed Grinder
  5026 | D:6      | Reached skill level 8 in Shapeshifting
  5220 | D:7      | Found Wesy's Weapon Emporium.
  5303 | D:7      | Identified the +9 rapier of Iroedd {venom, rC+}
  5345 | D:7      | Found a basalt altar of Yredelemnul.
  5752 | D:7      | Noticed Pikel
  5903 | D:7      | Killed Pikel
  5904 | D:7      | Reached skill level 9 in Shapeshifting
  5904 | D:7      | Reached XP level 10. HP: 63/71 MP: 10/10
  6421 | D:7      | Found a shimmering altar of Xom.
  7261 | D:9      | Noticed Joseph
  7266 | D:9      | Killed Joseph
  7672 | D:9      | Noticed a cyclops
  7680 | D:9      | Killed a cyclops
  7704 | D:9      | Noticed Erolcha
  7715 | D:9      | Killed Erolcha
  7716 | D:9      | Reached skill level 10 in Shapeshifting
  7926 | D:9      | Noticed Maurice
  7938 | D:9      | Killed Maurice
  7939 | D:9      | Reached XP level 11. HP: 45/77 MP: 11/11
  8549 | D:9      | Found a staircase to the Lair.
  8790 | D:9      | Noticed Erica
  8807 | D:9      | HP: 1/78 [something (5)]
  8808 | D:9      | Killed from afar by Erica

Illustrated notes

Levels and vault maps discovered:
D:1:      spicycebolla_arrival_risky_transporter, layout_basic
D:2:      layout_rooms, shapermc_ecumenical_altar_mp_urbaneastern, uniq_terence
D:3:      layout_loops_ring, uniq_jessica, uniq_ijyb, uniq_sigmund
D:4:      layout_layer_cave, bloody_trog, minmay_misc_feat_pillars
D:5:      layout_loops_ring, minmay_temple_entry_water_ring, serial_rivers,
          chequers_serial_rivers_room_a, chequers_serial_rivers_micro_c,
          chequers_serial_rivers_marsh, chequers_serial_rivers_room_b,
          lightli_sewer_entry_pipes
D:6:      layout_cave_pools, uniq_grinder, uniq_edmund
D:7:      layout_basic, nicolae_overflow_hidden_temple,
          yredelemnul_altar_generic, serial_shops,
          nicolae_shop_bloodbath_and_beyond, uniq_pikel
D:8:      layout_loops_ring
D:9:      layout_loops_cross, mainiacjoe_overflow_alcove_2, erik_lair_island,
          uniq_erica, uniq_erolcha, uniq_maurice, uniq_joseph
Temple:   mainiacjoe_temple_bowtie_tessellation

Skill      XL: |  1  2  3  4  5  6  7  8  9 10 11 |
---------------+----------------------------------+-----
Fighting       | 2 3 4 5 7 8 |  8.5
Shapeshifting  | 4 5 7 9 10 | 10.6
Unarmed Combat | 4 5 6 7 8 9 |  9.0
Dodging        | |  2.0

Action                     |  1- 3 |  4- 6 |  7- 9 | 10-12 || total
---------------------------+-------+-------+-------+-------++-------
  Melee: Unarmed           |    10 |       |   382 |     6 ||   398
         Constrict         |    14 |    14 |    90 |    32 ||   150
         Tentacles         |     8 |    19 |     9 |    28 ||    64
         Dagger            |    34 |    67 |     1 |       ||   102
         Punch             |     3 |     5 |       |    10 ||    18
         Rapier            |       |       |    26 |   125 ||   151
  Evoke: Wand              |       |       |       |     4 ||     4
    Use: Potion            |       |     2 |     4 |     4 ||    10
         Scroll            |       |       |       |     1 ||     1
   Stab: Sleeping          |     6 |     7 |     2 |     4 ||    19
         Distracted        |       |       |       |     2 ||     2
 Armour: Skin              |     5 |    13 |   132 |    11 ||   161
  Dodge: Dodged            |    26 |    34 |   319 |   111 ||   490
   Form: Anaconda          |       |       |     2 |     1 ||     3
         Beast             |       |       |     2 |     1 ||     3

Table legend: (Time is in decaauts)
 A = Elapsed time spent in this place.
 B = Non-inter-level travel time spent in this place.
 C = Inter-level travel time spent in this place.
 D = Time resting spent in this place.
 E = Time spent auto-exploring this place.
 F = Levels seen in this place.
 G = Mean time per level.
                   A        B        C        D        E       F      G
               +--------+--------+--------+--------+--------+-----+--------+
         Total |   8798 |   8414 |    384 |    670 |   6012 |  11 |  799.8 |
       Dungeon |   8163 |   7813 |    350 |    526 |   5717 |   9 |  907.0 |
        Temple |     39 |      5 |     34 |      0 |      0 |   1 |   39.0 |
         Sewer |    595 |    595 |      0 |    144 |    295 |   1 |  595.0 |
               +--------+--------+--------+--------+--------+-----+--------+

Top non-repeatable levels by time:
     D:9: 1391 daAuts
     D:7: 1328 daAuts
     D:4: 1017 daAuts
     D:5: 941 daAuts
     D:8: 894 daAuts
     D:3: 701 daAuts
     D:6: 699 daAuts
     D:1: 686 daAuts
   Sewer: 595 daAuts
     D:2: 502 daAuts
  Temple: 39 daAuts
